 Dungeon Crawl Stone Soup version 0.19-a0-916-g8ae7e35 (webtiles) character file.

627 Implojin the Cleaver (level 7, 0/57 HPs)
             Began as a Minotaur Fighter on July 6, 2016.
             Slain by a wyvern (10 damage)
             ... on level 9 of the Dungeon.
             The game lasted 00:05:31 (840 turns).

Implojin the Cleaver (Minotaur Fighter)              Turns: 840, Time: 00:05:32

Health: 0/57       AC:  8    Str: 21    XL:     7   Next: 23%
Magic:  6/6        EV: 12    Int:  5    God:
Gold:   73         SH: 10    Dex: 16    Spells: 0 memorised, 6 levels left

rFire  . . .     SeeInvis .     a - +1 war axe
rCold  . . .     Gourm    .     b - +0 scale mail
rNeg   . . .     Faith    .     c - +0 shield
rPois  .         Spirit   .     k - +2 hat
rElec  .         Dismiss  .     (no cloak)
rCorr  .         Reflect  .     (no gloves)
SustAt .         Harm     .     (no boots)
MR     .....                    (no amulet)
Stlth  +.........               (no ring)
                                (no ring)

@: agile, not resistant to hostile enchantments, very unstealthy
A: retaliatory headbutt, horns 2
a: no special abilities


You were on level 9 of the Dungeon.
You were not hungry.

You visited 2 branches of the dungeon, and saw 10 of its levels.

You collected 73 gold pieces.

Inventory:

Hand Weapons
 a - a +1 war axe (weapon)
 n - a +0 hand axe
Armour
 b - a +0 scale mail (worn)
 c - a +0 shield (worn)
 k - a +2 hat (worn)
Magical Staves
 o - an uncursed staff of cold {unknown}
Jewellery
 i - a +1 ring of evasion {unknown}
Scrolls
 p - a scroll of fear
 q - a scroll of remove curse
Potions
 e - a potion of curing {unknown}
Books
 d - a book of Flames

   Spells                             Type                      Level
   a - Flame Tongue                   Conjuration/Fire             1
   b - Throw Flame                    Conjuration/Fire             2
   c - Conjure Flame                  Conjuration/Fire             3
   d - Inner Flame                    Hexes/Fire                   3
   e - Sticky Flame                   Conjuration/Fire             4
   f - Fireball                       Conjuration/Fire             5
Comestibles
 f - 3 bread rations
 m - a meat ration


   Skills:
 - Level 3.6 Fighting
 * Level 9.7 Axes
 - Level 3.6 Armour
 - Level 3.6 Shields


You had 6 spell levels left.
You didn't know any spells.

Dungeon Overview and Level Annotations

Branches:
Dungeon (9/15)             Temple (1/1) D:4
   Lair: D:8-11         Orc: D:9-12

Altars:
Dithmenos
Elyvilon
Hepliaklqana
Kikubaaqudgha
Nemelex Xobeh
Pakellas
Ru
Sif Muna
Uskayaw
Vehumet
Xom
Zin
The Shining One


Innate Abilities, Weirdness & Mutations

You reflexively headbutt those who attack you in melee.
You have a pair of horns on your head.


Message History

An adder comes into view.
The adder hisses angrily.
You see here an inky potion.
e - an inky potion You block the adder's attack.
The adder bites you but does no damage.
You miss the adder. Your headbutt misses the adder.
The adder bites you but does no damage.
You closely miss the adder. Your headbutt misses the adder.
The adder barely misses you. The adder bites you but does no damage.
You slice the adder!!
You kill the adder!
You see here an adder corpse.
There is a stone staircase leading down here.
You climb downwards.
A wyvern comes into view.
There is a stone staircase leading up here.
Unknown command.
An orc comes into view. It is wielding a dagger.
The orc shouts!
The wyvern bites you.
* * * LOW HITPOINT WARNING * * *
Unknown command.
Okay, then.
You feel agile all of a sudden. You block the wyvern's attack.
An orc priest comes into view.
Unknown command.
Unknown command.
The orc priest shouts!
You hit the wyvern but do no damage. Your headbutt misses the wyvern.
The wyvern bites you.
* * * LOW HITPOINT WARNING * * *
The wyvern misses you.
Unknown command.
You closely miss the wyvern.
You headbutt the wyvern, but do no damage.
The wyvern bites you!
* * * LOW HITPOINT WARNING * * *
The wyvern bites you!
You die...

#..o..#
#.....#
#....o#
#.....#
#.....#
+....o#
#....l#
#....@+
#.....#
#.....#
#....<#
#.....#
#######


You could see a wyvern, an orc priest and 2 orcs.

Vanquished Creatures
  An ice beast (D:8)
  A wasp (D:8)
  A centaur (D:8)
  A scorpion (D:4)
  5 howler monkeys
  A hound (D:7)
  A worker ant (D:5)
  A killer bee zombie (D:8)
  2 adders
  A shadow imp (D:8)
  An ooze (D:3)
  A worm (D:2)
  A giant gecko (D:5)
  2 orcs (D:3)
  A bat (D:2)
  3 giant cockroaches (D:1)
  2 hobgoblins (D:1)
  3 jackals (D:5)
  A kobold (D:3)
  2 quokkas
  4 goblins (D:1)
  5 rats (D:1)
41 creatures vanquished.

Notes
Turn   | Place    | Note
-------+----------+-------------------------------------------
     0 | D:1      | Implojin the Minotaur Fighter began the quest for the Orb.
     0 | D:1      | Reached XP level 1. HP: 19/19 MP: 0/0
    56 | D:1      | Reached skill level 3 in Axes
   106 | D:1      | Reached XP level 2. HP: 26/26 MP: 1/1
   267 | D:3      | Found a faded altar of an unknown god.
   271 | D:3      | Reached skill level 4 in Axes
   285 | D:3      | Reached XP level 3. HP: 26/31 MP: 2/2
   367 | D:4      | Found a staircase to the Ecumenical Temple.
   367 | D:4      | Noticed a scorpion
   375 | Temple   | Entered the Ecumenical Temple
   381 | D:4      | Killed a scorpion
   381 | D:4      | Reached skill level 5 in Axes
   381 | D:4      | Reached XP level 4. HP: 29/39 MP: 3/3
   388 | D:5      | Entered Level 5 of the Dungeon
   407 | D:5      | Reached skill level 6 in Axes
   422 | D:5      | Found a shadowy altar of Dithmenos.
   463 | D:5      | Reached XP level 5. HP: 28/45 MP: 4/4
   539 | D:8      | Noticed a wasp
   619 | D:8      | Noticed an ice beast
   624 | D:8      | Noticed a centaur
   636 | D:8      | Killed an ice beast
   636 | D:8      | Reached skill level 7 in Axes
   636 | D:8      | Reached XP level 6. HP: 12/51 MP: 5/5
   637 | D:8      | Reached skill level 8 in Axes
   726 | D:7      | Reached skill level 9 in Axes
   727 | D:7      | Reached XP level 7. HP: 17/57 MP: 6/6
   814 | D:8      | Found a white marble altar of Elyvilon.
   834 | D:9      | Noticed a wyvern
   840 | D:9      | Slain by a wyvern

Vault maps used:
D:1:      dpeg_arrival_stone_temple_mockup
D:2:      kennysheep_generic_room_13
D:3:      portal_sewer_entry_d, ecumenical_altar_2, moated_statue,
          kennysheep_cross_bottleneck, serial_park_tiny_2, saegor_snake_ambush
D:4:      nicolae_overflow_crystal_walls, first_bread, uniq_crazy_yiuf_cottage
D:5:      nicolae_dithmenos_shadow_blocks
D:6:      minitemple, st_stairs_13, nicolae_ru_sacrificial_ziggurat
D:7:      kennysheep_mini_moat, grunt_livestock, minmay_gold_behind_fungi,
          serial_bayou_ford_a
D:8:      lemuel_round_altar
D:9:      ashenzari_altar_1, lightli_church_of_beogh
Temple:   minmay_freezing_vapour_temple

Skill      XL: |  1  2  3  4  5  6 |
---------------+-------------------+-----
Axes           | 3 4 5 6 7 9 |  9.7
Fighting       | |  3.6
Armour         | |  3.6
Shields        | |  3.6

Action                   |  1- 3 |  4- 6 |  7- 9 || total
-------------------------+-------+-------+-------++-------
Melee: War axe           |    50 |    48 |    15 ||   113
       Headbutt          |     6 |     4 |     3 ||    13
  Use: Scroll            |     4 |     5 |       ||     9
       Potion            |       |     2 |     1 ||     3
Armor: Scale mail        |    36 |    23 |    10 ||    69
Dodge: Dodged            |    19 |    17 |     7 ||    43
Block: Shield            |    24 |    30 |     8 ||    62

Table legend:
 A = Turns spent in this place as a percentage of turns spent in the entire game.
 B = Non-inter-level travel turns spent in this place as a percentage of non-inter-level travel turns spent in the entire game.
 C = Inter-level travel turns spent in this place as a percentage of turns spent in this place.
 D = Turns resting spent in this place as a percentage of non-inter-level travel turns spent in this place.
 E = Turns spent auto-exploring this place as a percentage of non-inter-level travel turns spent in this place.
 F = Non-inter-level travel turns spent in this place divided by the number of levels of this place that you've seen.
                   A       B       C       D       E      F
               +-------+-------+-------+-------+-------+----------------------
         Total | 100.0 | 100.0 |   0.0 |   0.0 |   0.0 |  87.6
       Dungeon |  98.5 |  98.5 |   0.0 |   0.0 |   0.0 |  95.9
        Temple |   1.5 |   1.5 |   0.0 |   0.0 |   0.0 |  13.0
               +-------+-------+-------+-------+-------+----------------------

Table legend:
 A = Kills in this place as a percentage of kills in entire the game.
 B = Kills by you in this place as a percentage of kills by you in the entire game.
 C = Kills by friends in this place as a percentage of kills by friends in the entire game.
 D = Other kills in this place as a percentage of other kills in the entire game.
 E = Experience gained in this place as a percentage of experience gained in the entire game.
 F = Experience gained in this place divided by the number of levels of this place that you have seen.
                   A       B       C       D       E      F
               +-------+-------+-------+-------+-------+----------------------
         Total | 100.0 | 100.0 |  -nan |  -nan | 100.0 |  89.6
       Dungeon | 100.0 | 100.0 |  -nan |  -nan | 100.0 |  99.6
               +-------+-------+-------+-------+-------+----------------------
